 Dungeon Crawl Stone Soup version 0.30-a0-940-ge5077277c9 (webtiles) character file.

Game seed: 7012043992512372166

11497 Bnni the Geomancer (level 12, -8/96 HPs)
             Began as a Formicid Earth Elementalist on Mar 26, 2023.
             Was an Elder of Cheibriados.
             Mangled by a two-headed ogre
             ... wielding a +0 giant spiked club
              (12 damage)
             ... on level 9 of the Dungeon.
             The game lasted 00:33:42 (10865 turns).

Bnni the Geomancer (Formicid Earth Elementalist)   Turns: 10865, Time: 00:33:42

Health: -8/96      AC: 10    Str: 24    XL:     12   Next: 8%
Magic:  11/19      EV: 11    Int: 29    God:    Cheibriados [****..]
Gold:   871        SH:  0    Dex: 24    Spells: 4/19 levels left

rFire   + . .      SeeInvis +    B - staff of earth
rCold   . . .      Faith    .    t - orb {light}
rNeg    . . .      Spirit   .    I - +0 scale mail
rPois   .          Reflect  .    (helmet unavailable)
rElec   .          Rampage  .    (no cloak)
rCorr   +                        K - +0 pair of gloves
Will    +....                    s - +0 pair of boots
Stlth   +                        F - amulet of regeneration
HPRegen 1.16/turn                d - ring of protection from fire
MPRegen 0.16/turn                x - ring of resist corrosion

@: glowing, studying Translocations, very slow
A: permanent stasis, dig shafts and tunnels, antennae 3, four strong arms
a: Dig, Shaft Self, Renounce Religion, Bend Time, Temporal Distortion, Slouch


You were on level 9 of the Dungeon.
You worshipped Cheibriados.
Cheibriados was greatly pleased with you.
You visited 2 branches of the dungeon, and saw 11 of its levels.

You collected 871 gold pieces.

Inventory:

Hand Weapons
 g - a +0 short sword
 M - the +6 dagger of Vior {spect, rC+ Will+ Int+3 Dex+2}
   (You found it on level 9 of the Dungeon)

   Int:       It affects your intelligence (+3).
   Dex:       It affects your dexterity (+2).
   rC:        It protects you from cold.
   Will:      It increases your willpower.
Missiles
 w - 48 poisoned darts
Armour
 j - a +0 chain mail
 s - a +0 pair of boots (worn)
 t - an orb of light (worn)
 I - a +0 scale mail (worn)
 K - a +0 pair of gloves (worn)
 L - a +0 plate armour
Magical Staves
 B - a staff of earth (weapon)
Jewellery
 d - a ring of protection from fire (left hand)
 l - a ring of positive energy
 p - a ring of flight
 x - a ring of resist corrosion (right hand)
 F - an amulet of regeneration (around neck)
Wands
 q - a wand of digging (6)
 u - a wand of acid (6)
 v - a wand of charming (3)
Scrolls
 a - 4 scrolls of vulnerability {unknown}
 c - 2 scrolls of enchant armour {unknown}
 e - a scroll of fear
 h - a scroll of silence {unknown}
 k - 3 scrolls of brand weapon {unknown}
 r - 2 scrolls of noise {unknown}
 y - 3 scrolls of magic mapping {unknown}
 C - a scroll of butterflies
 G - a scroll of poison
 H - 4 scrolls of immolation {unknown}
 N - a scroll of enchant weapon {unknown}
 O - 2 scrolls of amnesia
Potions
 b - a potion of flight
 f - 5 potions of brilliance
 i - 2 potions of curing
 m - a potion of resistance
 n - 4 potions of lignification
 o - 4 potions of heal wounds
 z - 3 potions of mutation {unknown}
 A - 2 potions of invisibility {unknown}
 D - a potion of magic
 E - a potion of degeneration {unknown}
 P - a potion of ambrosia {unknown}


   Skills:
 + Level 9.5 Fighting
 - Level 3.0 Staves
 + Level 6.7 Armour
 - Level 1.7 Dodging
 - Level 2.4 Stealth
 - Level 4.0 Spellcasting
 - Level 3.0 Transmutations
 - Level 14.0 Earth Magic
 * Level 9.5 Invocations


You had 4 spell levels left.
You knew the following spells:

 Your Spells              Type           Power      Damage    Failure   Level
a - Sandblast             Erth           100%       2d20      1%          1
b - Passwall              Tmut/Erth      58%        N/A       1%          2
c - Stone Arrow           Conj/Erth      100%       3d13      2%          3
d - Petrify               Tmut/Erth      70%        N/A       4%          4
e - Lee's Rapid Deconstr  Erth           46%        3d22*     1%          5

Your spell library contained the following spells:

 Spells                   Type           Power      Damage    Failure   Level
 Leda's Liquefaction      Hex/Erth       31%        N/A       9%          4
 Kiss of Death            Conj/Necr      20%        2d7       16%         1
 Lesser Beckoning         Tloc           10%        N/A       22%         2
 Momentum Strike          Conj/Tloc      10%        3d8       22%         2
 Call Canine Familiar     Summ           5%         N/A       41%         3
 Confusing Touch          Hex            5%         N/A       41%         3
 Portal Projectile        Hex/Tloc       10%        N/A       41%         3
 Dispel Undead            Necr           5%         3d7       83%         4
 Statue Form              Tmut/Erth      46%        N/A       56%         6
 Blink                    Tloc           Unusable   N/A       N/A         2

Dungeon Overview and Level Annotations

Branches:
Dungeon (10/15)            Temple (1/1) D:7            Lair (0/5) D:9
    Orc: D:9-12

Altars:
Ashenzari
Cheibriados
Dithmenos
Elyvilon
Gozag
Hepliaklqana
Kikubaaqudgha
Nemelex Xobeh
Qazlal
Sif Muna
Uskayaw
Vehumet
Xom
Yredelemnul

Shops:
D:1 !   D:4 *   D:9 [


Innate Abilities, Weirdness & Mutations

You cannot be hasted, slowed, berserked, paralysed or teleported.
You can dig through walls and to a lower floor.
You have a pair of large antennae on your head. (SInv)
Your four strong arms can wield two-handed weapons with a shield.


Message History

The two-headed ogre hits you with a +0 giant spiked club!!
The two-headed ogre hits you with a +0 giant spiked club!
Okay, then.
Aiming: Charm
Press: ? - help, Shift-Dir - straight line, f/p - two-headed ogre
Aim: a two-headed ogre, wielding two +0 giant spiked clubs (haloed, chance to affect: 31%)
The two-headed ogre easily resists.
The two-headed ogre hits you with a +0 giant spiked club.
The two-headed ogre hits you with a +0 giant spiked club!!
Aiming: Charm
Press: ? - help, Shift-Dir - straight line, f/p - two-headed ogre
Aim: a two-headed ogre, wielding two +0 giant spiked clubs (haloed, chance to affect: 31%)
The two-headed ogre easily resists.
Aiming: Charm
Press: ? - help, Shift-Dir - straight line, f/p - two-headed ogre
Aim: a two-headed ogre, wielding two +0 giant spiked clubs (haloed, chance to affect: 31%)
The two-headed ogre easily resists.
The two-headed ogre barely misses you.
The two-headed ogre hits you with a +0 giant spiked club!
* * * LOW HITPOINT WARNING * * *
The flow of time bends around you.
Cheibriados rebukes the two-headed ogre.
The two-headed ogre seems to slow down.
Aiming: Charm
Press: ? - help, Shift-Dir - straight line, f/p - two-headed ogre
Aim: a two-headed ogre, wielding two +0 giant spiked clubs (slow, haloed, chance to affect: 31%)
The two-headed ogre easily resists.
The two-headed ogre completely misses you.
The two-headed ogre barely misses you.
Aiming: Charm
Press: ? - help, Shift-Dir - straight line, f/p - two-headed ogre
Aim: a two-headed ogre, wielding two +0 giant spiked clubs (slow, haloed, chance to affect: 31%)
The two-headed ogre easily resists.
Aiming: Charm
Press: ? - help, Shift-Dir - straight line, f/p - two-headed ogre
Aim: a two-headed ogre, wielding two +0 giant spiked clubs (slow, haloed, chance to affect: 31%)
The two-headed ogre easily resists.
The two-headed ogre hits you with a +0 giant spiked club!!
* * * LOW HITPOINT WARNING * * *
The two-headed ogre hits you with a +0 giant spiked club!
You die...

....##' ########...............
....#.c. #......#.<..#####......
..### #.# #.#..#.#....#...#.....#
....# #{{#..##..#....#...#.....#
#####.#.#.#..##.c#....#...#.....#
#.....).#..#.#....#...'.....#
#..z..{{....#...#.....#
########c...#...#.....#
#.....@OO...'(###..†...
#####)#######.######...
#...............#...
#...............#... ######
#...............#... .....#
#..............)#... .....#
#...............#... .....#
#...............#... ##...####
##..##...########...


You could see 2 two-headed ogres and a centaur.

Vanquished Creatures
  A centaur warrior (D:9)
  4 two-headed ogres
  Maurice (D:9)
  An unseen horror (D:10)
  3 kobold demonologists (D:9)
  A troll (D:9)
  A shadow (D:9)
  10 yaks (D:9)
  A wyvern (D:9)
  An acid dragon (D:9)
  3 water moccasins
  2 ice beasts (D:6)
  3 sky beasts
  5 orc warriors
  4 black bears
  A boggart (D:9)
  5 centaurs
  2 phantoms (D:5)
  5 kobold brigands
  2 bullfrogs
  2 gnoll sergeants (D:9)
  9 wights
  13 killer bees
  4 howler monkeys
  3 hounds
  3 gnoll boudas
  6 orc priests
  A sleepcap (D:8)
  2 iguanas (D:5)
  8 orc wizards
  27 gnolls
  8 adders
  A shadow imp (D:8)
  2 white imps
  2 ufetubi
  7 worms
  2 dart slugs
  28 orcs
  3 ball pythons
  3 bats
  3 endoplasms
  5 giant cockroaches
  24 goblins
  27 hobgoblins
  9 jackals
  2 quokkas
  6 frilled lizards
  29 kobolds
  A rat (D:3)
296 creatures vanquished.

Notes
Turn   | Place    | Note
-------+----------+-------------------------------------------
     0 | D:1      | Bnni the Formicid Earth Elementalist began the quest for
                  | the Orb.
     0 | D:1      | Reached XP level 1. HP: 13/13 MP: 3/3
   203 | D:1      | Reached XP level 2. HP: 20/20 MP: 3/5
   286 | D:1      | Reached skill level 4 in Earth Magic
   495 | D:1      | Found Ydwukhl Ecka's Distillery.
   894 | D:2      | Reached skill level 1 in Fighting
   894 | D:2      | Reached XP level 3. HP: 16/26 MP: 0/6
  1189 | D:2      | Reached XP level 4. HP: 32/32 MP: 4/7
  1192 | D:2      | Learned a level 2 spell: Passwall
  1196 | D:2      | Learned a level 3 spell: Stone Arrow
  2253 | D:3      | Reached skill level 5 in Earth Magic
  2253 | D:3      | Reached XP level 5. HP: 36/38 MP: 4/9
  2343 | D:3      | Found a shimmering altar of Xom.
  2383 | D:3      | Learned a level 4 spell: Petrify
  2985 | D:3      | Reached XP level 6. HP: 35/45 MP: 7/10
  3210 | D:3      | Reached skill level 6 in Earth Magic
  3431 | D:3      | HP: 1/46 [hobgoblin/+0 club (7)]
  3824 | D:4      | Noticed a shadow
  3825 | D:4      | Found a shadowy altar of Dithmenos.
  3826 | D:4      | Found a hazy altar of Hepliaklqana.
  3895 | D:4      | Reached XP level 7. HP: 40/52 MP: 3/11
  4294 | D:4      | Identified the +8 rapier of Numid {speed, rCorr Str+3 Int+3
                  | Stlth+}
  4489 | D:4      | Found Caesidua's Serpentskin Sales.
  4489 | D:4      | Noticed a water moccasin
  4491 | D:4      | Killed a water moccasin
  4492 | D:4      | Reached skill level 7 in Earth Magic
  4608 | D:5      | Entered Level 5 of the Dungeon
  4849 | D:5      | Reached skill level 8 in Earth Magic
  5139 | D:5      | Reached XP level 8. HP: 61/61 MP: 8/12
  5709 | D:6      | Reached skill level 5 in Fighting
  5709 | D:6      | Reached skill level 9 in Earth Magic
  5970 | D:6      | Reached skill level 10 in Earth Magic
  5974 | D:6      | Reached XP level 9. HP: 65/69 MP: 4/13
  6152 | D:6      | Reached skill level 1 in Armour
  6156 | D:6      | Reached skill level 1 in Staves
  6167 | D:6      | Reached skill level 11 in Earth Magic
  6759 | D:7      | Found a staircase to the Ecumenical Temple.
  6766 | Temple   | Entered the Ecumenical Temple
  6859 | Temple   | Became a worshipper of Cheibriados the Contemplative
  7088 | D:7      | Reached skill level 1 in Invocations
  7822 | D:8      | Reached XP level 10. HP: 79/79 MP: 10/14
  7827 | D:8      | You are sucked into a shaft and drop 2 floors!
  7827 | D:10     | Entered Level 10 of the Dungeon
  7872 | D:10     | Noticed an unseen horror
  7874 | D:10     | Killed an unseen horror
  7875 | D:10     | Reached skill level 12 in Earth Magic
  7900 | D:10     | Learned a level 5 spell: Lee's Rapid Deconstruction
  7959 | D:9      | Reached * piety under Cheibriados
  8119 | D:9      | Identified the +6 dagger of Vior {spect, rC+ Will+ Int+3
                  | Dex+2}
  8268 | D:8      | Reached ** piety under Cheibriados
  8414 | D:8      | Noticed a two-headed ogre
  8418 | D:8      | Killed a two-headed ogre
  8419 | D:8      | Reached skill level 5 in Invocations
  9230 | D:9      | Found a staircase to the Lair.
  9279 | D:9      | Noticed a two-headed ogre
  9284 | D:9      | Killed a two-headed ogre
  9285 | D:9      | Reached skill level 13 in Earth Magic
  9285 | D:9      | Reached XP level 11. HP: 54/87 MP: 12/17
  9288 | D:9      | Noticed Maurice
  9402 | D:9      | Killed Maurice
  9403 | D:9      | Reached skill level 5 in Armour
  9675 | D:9      | Reached *** piety under Cheibriados
  9734 | D:9      | Identified the +2 robe "Esuarosh" {rElec rPois rC- Will++}
  9744 | D:9      | Noticed a centaur warrior
  9747 | D:9      | HP: 3/87 [centaur warrior/arrow (7)]
  9864 | D:9      | Killed a centaur warrior
  9865 | D:9      | Noticed a two-headed ogre
  9866 | D:9      | Reached skill level 14 in Earth Magic
  9988 | D:9      | Killed a two-headed ogre
 10310 | D:9      | Reached **** piety under Cheibriados
 10593 | D:9      | Found Kefigun's Antique Armour Emporium.
 10686 | D:9      | Noticed a two-headed ogre
 10686 | D:9      | Noticed a two-headed ogre
 10705 | D:9      | Killed a two-headed ogre
 10706 | D:9      | Reached XP level 12. HP: 40/96 MP: 8/19
 10834 | D:9      | Noticed a two-headed ogre
 10865 | D:9      | HP: 4/96 [two-headed ogre/+0 giant spiked club (29)]
 10865 | D:9      | Mangled by a two-headed ogre

Illustrated notes

Levels and vault maps discovered:
D:1:      kennysheep_arrival_forest, layout_loops_ring, serial_shops, shop
D:2:      layout_basic, nrook_mini_backslash
D:3:      minmay_goblin_kobold_castle, layout_loops_cross, xom_teletrap_fun,
          grunt_ministairs_14
D:4:      layout_basic, riverfiend_overflow_shadow_ancestor, st_stairs_5,
          guppyfry_shop_venom
D:5:      layout_gridville
D:6:      layout_rooms, kennysheep_small_square
D:7:      layout_basic, minmay_temple_entry_arrows
D:8:      layout_layer_cave
D:9:      minmay_clustersquares, layout_stronghold, lair_entry_dummy,
          serial_shops, nicolae_shop_crystal, grunt_ministairs_2,
          evilmike_minifort, uniq_maurice
D:10:     layout_basic, nicolae_concentric_dashed_squares_wild,
          columned_hall_lemuel
Temple:   compressed_dpeg_triangle_lava_temple

Skill      XL: |  1  2  3  4  5  6  7  8  9 10 11 |
---------------+----------------------------------+-----
Earth Magic    | 4 5 6 8 10 11 13 14 | 14.0
Fighting       | 1 2 3 4 6 7 8 9 |  9.5
Transmutations | 2 3 |  3.0
Spellcasting   | 3 4 |  4.0
Armour         | 3 4 6 |  6.7
Staves         | 2 3 |  3.0
Invocations    | 1 6 9 |  9.5
Dodging        | |  1.7
Stealth        | |  2.4

Action                     |  1- 3 |  4- 6 |  7- 9 | 10-12 || total
---------------------------+-------+-------+-------+-------++-------
  Melee: Short sword       |    17 |    17 |       |       ||    34
         Punch             |     1 |       |       |       ||     1
         Rapier            |       |       |     1 |       ||     1
         Staff             |       |       |       |    16 ||    16
  Throw: Dart              |       |       |       |     4 ||     4
   Cast: Sandblast         |    43 |   119 |   140 |   194 ||   496
         Stone Arrow       |       |       |     1 |    20 ||    21
         Passwall          |       |       |       |     5 ||     5
 Invoke: Bend Time         |       |       |       |     1 ||     1
Ability: Dig               |       |       |     1 |     2 ||     3
         Shaft Self        |       |       |       |     1 ||     1
  Evoke: Wand              |       |       |       |     6 ||     6
    Use: Potion            |     1 |     1 |     1 |     2 ||     5
         Scroll            |       |     5 |     2 |     6 ||    13
   Stab: Sleeping          |     3 |     1 |       |       ||     4
 Armour: Robe              |     7 |     1 |       |       ||     8
         Leather armour    |       |    20 |     1 |       ||    21
         Ring mail         |       |       |    14 |       ||    14
         Scale mail        |       |       |     8 |    82 ||    90
  Dodge: Dodged            |    41 |    63 |    51 |   135 ||   290

Table legend: (Time is in decaauts)
 A = Elapsed time spent in this place.
 B = Non-inter-level travel time spent in this place.
 C = Inter-level travel time spent in this place.
 D = Time resting spent in this place.
 E = Time spent auto-exploring this place.
 F = Levels seen in this place.
 G = Mean time per level.
                   A        B        C        D        E       F      G
               +--------+--------+--------+--------+--------+-----+--------+
         Total |  12122 |  11844 |    278 |   1893 |   7564 |  11 | 1102.0 |
       Dungeon |  11973 |  11707 |    266 |   1858 |   7480 |  10 | 1197.3 |
        Temple |    148 |    137 |     11 |     35 |     84 |   1 |  148.0 |
               +--------+--------+--------+--------+--------+-----+--------+

Top non-repeatable levels by time:
     D:9: 2447 daAuts
     D:3: 1788 daAuts
     D:8: 1748 daAuts
     D:5: 1237 daAuts
     D:2: 1160 daAuts
     D:7: 931 daAuts
     D:4: 909 daAuts
     D:1: 835 daAuts
     D:6: 832 daAuts
  Temple: 148 daAuts
    D:10: 82 daAuts
